 Dungeon Crawl Stone Soup version 0.20.0-10-g0535bb4 (webtiles) character file.

247154 McKennaii the Peltast (level 18, -1/147 HPs)
             Began as a Demonspawn Fighter on June 5, 2017.
             Was the Champion of Qazlal.
             Killed from afar by a deep elf mage (5 damage)
             ... with a bolt of lightning
             ... on level 1 of the Elven Halls.
             The game lasted 02:21:33 (42172 turns).

McKennaii the Peltast (Demonspawn Fighter)         Turns: 42172, Time: 02:21:34

Health: -1/147     AC: 34    Str: 30    XL:     18   Next: 81%
Magic:  0/19       EV: 15    Int: 11    God:    Qazlal [******]
Gold:   3521       SH: 32    Dex: 20    Spells: 17/17 levels left

rFire    . . .     SeeInvis +   b - +3 demon blade (venom)
rCold    + + +     Gourm    .   W - +0 large shield
rNeg     + . .     Faith    .   a - +1 plate armour {rC+}
rPois    +         Spirit   +   p - +2 hat "Peodytem" {rPois Str+4}
rElec    +         Reflect  .   y - scarf {rC+ rF+}
rCorr    .         Harm     .   (gloves unavailable)
MR       ++...                  P - +2 pair of boots
Stlth    ..........             c - amulet of guardian spirit
Regen    1.4/turn               Z - ring "Ciffuy" {Ice rPois rN+ MR+}
MPRegen  0.2/turn               V - ring of see invisible

@: mighty, agile, lethally poisoned (-1 -> -1), about to teleport, protected
from electricity, sanguine armour, repel missiles
A: claws 3, powered by death 2, powered by pain 2, sanguine armour 3
}: 2/15 runes: decaying, gossamer
a: Upheaval, Elemental Force, Disaster Area, Renounce Religion


You were on level 1 of the Elven Halls.
You worshipped Qazlal.
Qazlal was exalted by your worship.
You were not hungry.

You visited 7 branches of the dungeon, and saw 33 of its levels.
You also visited: Labyrinth, Sewer and Volcano.

You collected 3521 gold pieces.

Inventory:

Hand Weapons
 b - a +3 demon blade of venom (weapon)
 Q - a +3 scimitar of flaming
Armour
 a - a +1 plate armour of cold resistance (worn)
 p - the +2 hat "Peodytem" (worn) {rPois Str+4}
   (You acquired it on level 10 of the Dungeon)

   It affects your strength (+4).
   It protects you from poison.
 y - a scarf of resistance (worn)
 P - a +2 pair of boots (worn)
 W - a +0 large shield (worn)
Jewellery
 c - an amulet of guardian spirit (around neck)
 V - a ring of see invisible (right claw)
 Z - the ring "Ciffuy" (left claw) {Ice rPois rN+ MR+}
   (You found it in a labyrinth)

   [ring of ice]

   It enhances your ice magic.
   It makes you vulnerable to fire.
   It protects you from cold.
   It protects you from poison.
   It protects you from negative energy.
   It affects your resistance to hostile enchantments.
Wands
 i - a wand of scattershot (3/9)
 u - a wand of iceblast (8/15)
 x - a wand of lightning (7/15)
 H - a wand of clouds (5/9)
 S - a wand of acid (11/15)
Scrolls
 d - 7 scrolls of magic mapping
 e - 10 scrolls of amnesia
 j - 10 scrolls of recharging
 o - 16 scrolls of remove curse
 r - 9 scrolls of teleportation
 v - 8 scrolls of identify
 C - 2 scrolls of brand weapon
 D - a scroll of acquirement
 E - 2 scrolls of enchant armour
 J - 6 scrolls of fog
 N - 3 scrolls of fear
 R - a scroll of blinking
Potions
 h - 11 potions of agility
 m - 4 potions of cancellation
 n - 3 potions of mutation
 q - 2 potions of invisibility
 s - a potion of heal wounds
 t - 4 potions of resistance
 w - 6 potions of lignification
 z - 4 potions of brilliance
 A - 6 potions of haste
 B - 7 potions of curing
 I - 6 potions of ambrosia
 K - a potion of flight
 M - 2 potions of magic
 X - 4 potions of might
Miscellaneous
 T - a lamp of fire
Comestibles
 f - 15 bread rations
 g - 37 royal jellies
 k - 42 fruits
 l - 9 meat rations
 F - 4 chunks of flesh


   Skills:
 + Level 14.6 Fighting
 + Level 15.7 Long Blades
 + Level 13.0 Armour
 + Level 5.0 Dodging
 + Level 1.2 Stealth
 + Level 19.0 Shields
 + Level 0.6 Invocations
 + Level 2.0 Evocations


You had 17 spell levels left.
You didn't know any spells.

Dungeon Overview and Level Annotations

Branches:
Dungeon (15/15)            Temple (1/1) D:7            Lair (6/6) D:10
  Swamp (4/4) Lair:3       Spider (4/4) Lair:4        Slime (0/5) Lair:6
    Orc (2/2) D:10            Elf (1/3) Orc:2        Vaults (0/5) D:13
 Depths (0/5) D:15

Altars:
Ashenzari
Cheibriados
Dithmenos
Elyvilon
Fedhas
Gozag
Hepliaklqana
Kikubaaqudgha
Makhleb
Nemelex Xobeh
Okawaru
Qazlal
Ru
Sif Muna
Trog
Uskayaw
Vehumet
Xom
Yredelemnul
Zin
The Shining One
Jiyva

Shops:
D:4 *   D:9 %   Orc:1 (   Orc:2 =*[


Innate Abilities, Weirdness & Mutations

You have claws for hands.
You regenerate health from kills.
You sometimes gain power by taking damage.
When seriously injured, your bleeding wounds create very thick armour. (AC +12)


Message History

The bolt of lightning misses the hand axe of chopping.
The bolt of lightning hits you!
Your resistance to physical damage fades away.
You feel protected from electricity.
* * * LOW HITPOINT WARNING * * *
The bolt of lightning hits the fire elemental.
The fire elemental resists.
The fire elemental is destroyed!
The bolt of lightning hits the fire elemental.
The fire elemental resists.
The water elemental barely misses you.
You riposte.
You closely miss the water elemental. The deep elf mage casts a spell at you.
The bolt of lightning hits you! You resist.
* * * LOW HITPOINT WARNING * * *
The bolt of lightning hits the fire elemental.
The fire elemental resists.
The fire elemental is destroyed!
The bolt of lightning hits you! You resist.
You feel more protected from electricity.
You die...

#.. #.$# #...
#..' '.e. ...ee
.'..#
...§.#####.'..#
...ee.<#.4e'...
..s'.§§#§.3'§
##E(((.#
#Ee@''#
.....§(E(Ee..#
#....§.Eee§§.#
#+####..§e.....
#.....e)..
#.........
+.........
#.........


You could see an orange demon, a deep elf archer, 3 deep elf knights, a deep elf
high priest, 2 water elementals, 6 deep elf magi, 3 fire elementals, a neqoxec,
a redback and 5 dancing weapons.

Vanquished Creatures
  Bai Suzhen (Swamp:2)
  Nikola (Swamp:2)
  Rupert (Lair:4)
  Jorgrun (Spider:4)
  3 thorn hunters
  Roxanne (Swamp:2)
  The ghost of Zaque the Executioner, a journeyman MiBe of Trog (Lair:4)
  7 ghost moths
  An orc warlord (Orc:2)
  7 emperor scorpions
  5 entropy weavers
  A spark wasp (Spider:2)
  The ghost of Mohan the Slicer, a journeyman VSFi of Uskayaw (D:12)
  A minotaur (Lab)
  The ghost of DasRunzen the Summoner, a journeyman DsSu of Makhleb (D:14)
  The ghost of boben the Basher, a journeyman GrMo of Okawaru (Volcano)
  A rakshasa (D:15)
  The ghost of wewlad1 the Grappler, a journeyman TrMo of Okawaru (D:10)
  A fire dragon (Lair:6)
  40 hydras
  Fannar (Lair:3)
  2 vault guards (D:13)
  2 ghost crabs
  5 centaur warriors
  4 two-headed ogres
  10 alligators
  3 tengu warriors
  6 death yaks (Lair:6)
  Urug (Orc:1)
  A spriggan berserker (Swamp:4)
  3 orc high priests (Orc:2)
  A hell knight (Volcano)
  2 deep elf knights
  Nergalle (D:12)
  A spriggan druid (Swamp:4)
  A deep elf archer (D:13)
  9 shambling mangroves
  2 unseen horrors
  2 wolf spider zombies
  11 swamp dragons
  8 orc knights
  2 deep elf magi
  A mana viper (shapeshifter) (D:15)
  30 wolf spiders
  18 ugly things
  A faun (shapeshifter) (D:15)
  17 orb spiders
  3 cyclopes
  8 orc sorcerers
  2 moths of wrath
  2 black mambas
  Maurice (Orc:1)
  A gargoyle (Volcano)
  Joseph (D:9)
  A molten gargoyle (Volcano)
  16 spiny frogs
  Psyche (D:12)
  A kobold demonologist (D:13)
  2 rime drakes (Lair:6)
  15 komodo dragons
  A yaktaur (D:13)
  9 demonic crawlers
  2 efreet
  A freezing wraith (D:14)
  2 tengu conjurers
  26 jumping spiders
  3 trolls
  37 hornets
  3 meliai (D:12)
  11 polar bears
  A queen bee (D:12)
  6 tyrant leeches
  9 bog bodies
  A blink frog (shapeshifter) (D:14)
  15 slime creatures
  8 dream sheep
  A raiju (Lair:6)
  21 hippogriffs
  72 redbacks
  Sigmund (D:1)
  13 spriggans
  A shadow (D:14)
  52 yaks
  17 wyverns
  7 basilisks
  4 wraiths
  40 tarantellas
  A fire bat (Volcano)
  A human (shapeshifter) (D:15)
  2 hungry ghosts
  11 vampire mosquitoes
  6 wargs
  A steam dragon (Lair:6)
  3 insubstantial wisps (Swamp:4)
  21 swamp worms
  5 acid dragons
  3 soldier ants
  16 water moccasins
  16 hell hounds (Lair:6)
  6 porcupines
  7 swamp drakes
  3 ice beasts
  Purgy (Sewer)
  14 black bears
  34 orc warriors
  4 phantoms
  7 sky beasts
  3 eyes of draining
  4 boggarts (D:15)
  A hornet zombie (D:14)
  24 wolves
  11 centaurs
  10 ogres
  16 crocodiles
  5 big kobolds
  Blork the orc (D:4)
  24 bullfrogs
  A wyvern zombie (D:14)
  An earth elemental (Lab)
  6 scorpions
  27 killer bees
  13 wights
  An electric eel (Lair:5)
  6 lava snakes (Volcano)
  2 bullfrog zombies
  9 crimson imps
  12 hounds
  3 centaur zombies
  4 quasits
  3 centaur skeletons
  23 orc priests
  2 bullfrog skeletons
  Jessica (D:2)
  10 iguanas
  7 worker ants
  25 orc wizards
  A killer bee zombie (D:10)
  2 hound zombies
  3 hound skeletons
  A worker ant zombie (D:11)
  19 gnolls
  18 adders
  A river rat (D:6)
  9 shadow imps
  3 oozes
  2 adder skeletons
  3 worms
  4 dart slugs
  5 leopard geckos
  91 orcs
  9 giant cockroaches
  11 hobgoblins
  20 jackals
  26 kobolds
  5 quokkas
  10 bats
  8 frilled lizards
  3 goblins
  2 leopard gecko skeletons
  10 rats
  A fungus (Spider:2)
  A plant (D:10)
1325 creatures vanquished.

Vanquished Creatures (collateral kills)
  A porcupine (D:10)
  A water moccasin (D:10)
2 creatures vanquished.

Vanquished Creatures (others)
  2 swamp dragons
  A spriggan druid (Swamp:4)
  An orb spider (Spider:2)
  A tyrant leech (Swamp:4)
  A hornet (Swamp:4)
  3 spriggans (Swamp:4)
  A fire elemental (Elf:1)
  An orc priest (Orc:1)
  An orc (Orc:2)
  4 briar patches (Swamp:4)
  A bush (Lair:4)
  11 fungi
  27 plants
  7 toadstools (Swamp:1)
62 creatures vanquished.

Grand Total: 1389 creatures vanquished

Notes
Turn   | Place    | Note
-------+----------+-------------------------------------------
     0 | D:1      | McKennaii the Demonspawn Fighter began the quest for the Orb.
     0 | D:1      | Reached XP level 1. HP: 18/18 MP: 1/1
   266 | D:1      | Gained mutation: When seriously injured, your bleeding wounds create armour. (AC +12) [demonic ancestry]
   266 | D:1      | Reached XP level 2. HP: 24/24 MP: 2/2
   711 | D:2      | Noticed Sigmund
   711 | D:2      | Reached XP level 3. HP: 23/29 MP: 3/3
   851 | D:1      | Killed Sigmund
   851 | D:1      | Reached skill level 3 in Shields
   851 | D:1      | Gained mutation: When seriously injured, your bleeding wounds create thick armour. (AC +12) [demonic ancestry]
   851 | D:1      | Reached XP level 4. HP: 6/37 MP: 4/4
   851 | D:1      | Gained mutation: You regenerate a little health from kills. [demonic ancestry]
   851 | D:1      | Reached XP level 5. HP: 7/42 MP: 5/5
  1151 | D:2      | Noticed Jessica
  1154 | D:2      | Found an ancient bone altar of Kikubaaqudgha.
  1159 | D:2      | Killed Jessica
  1364 | D:2      | HP: 2/42 [poisoned by a kobold]
  1369 | D:2      | HP: 1/42 [poisoned by a kobold]
  1812 | D:2      | Found a glowing golden altar of the Shining One.
  1830 | D:2      | Reached skill level 1 in Dodging
  1830 | D:2      | Gained mutation: When seriously injured, your bleeding wounds create very thick armour. (AC +12) [demonic ancestry]
  1830 | D:2      | Reached XP level 6. HP: 48/48 MP: 6/6
  2583 | D:3      | Reached skill level 4 in Shields
  3000 | D:3      | Reached XP level 7. HP: 17/54 MP: 7/7
  3505 | D:4      | Noticed Blork the orc
  3523 | D:4      | Killed Blork the orc
  3558 | D:4      | Found Ytzeip's General Store.
  3654 | D:4      | Reached skill level 5 in Long Blades
  4156 | D:5      | Entered Level 5 of the Dungeon
  4250 | D:5      | Found a sparkling altar of Nemelex Xobeh.
  4308 | D:5      | Reached XP level 8. HP: 50/61 MP: 8/8
  4556 | D:5      | Found an iron altar of Okawaru.
  4892 | D:5      | Reached skill level 5 in Fighting
  5506 | D:6      | Reached skill level 5 in Shields
  5696 | D:6      | Reached skill level 5 in Armour
  5916 | D:6      | Found a glowing drain.
  5920 | Sewer    | Entered a sewer
  5973 | Sewer    | Noticed Purgy
  6001 | Sewer    | Killed Purgy
  6617 | D:7      | Gained mutation: You have sharp fingernails. [demonic ancestry]
  6617 | D:7      | Reached XP level 9. HP: 58/68 MP: 9/9
  7446 | D:6      | Reached skill level 6 in Shields
  8188 | D:7      | HP: 2/69 [orc priest/divine providence (12)]
  8554 | D:7      | Found a staircase to the Ecumenical Temple.
  8595 | Temple   | Entered the Ecumenical Temple
  8684 | Temple   | Became a worshipper of Qazlal Stormbringer
  9246 | D:8      | Reached skill level 7 in Shields
  9515 | D:8      | Found a shimmering altar of Xom.
 10165 | D:8      | Reached * piety under Qazlal
 10173 | D:8      | Gained mutation: You sometimes gain a little power by taking damage. [demonic ancestry]
 10173 | D:8      | Reached XP level 10. HP: 75/77 MP: 10/10
 11461 | D:9      | Identified Xutsoatt's Grimoire of Attacks and Snow
 11586 | D:9      | Noticed Joseph
 11881 | D:9      | Found a burning altar of Makhleb.
 11882 | D:9      | Found a shimmering altar of Xom.
 11884 | D:9      | Paralysed by a crimson imp for 7 turns
 11990 | D:9      | Reached skill level 8 in Shields
 12256 | D:9      | Reached ** piety under Qazlal
 12393 | D:9      | Killed Joseph
 13055 | D:9      | Found Benank's Food Shop.
 13155 | D:10     | Entered Level 10 of the Dungeon
 13461 | D:10     | Noticed a two-headed ogre
 13466 | D:10     | Killed a two-headed ogre
 13466 | D:10     | Gained mutation: You have very sharp fingernails. [demonic ancestry]
 13466 | D:10     | Reached XP level 11. HP: 30/84 MP: 11/11
 13481 | D:10     | Reached skill level 9 in Shields
 13982 | D:10     | Found a staircase to the Orcish Mines.
 14184 | D:10     | Noticed a two-headed ogre
 14198 | D:10     | Killed a two-headed ogre
 14205 | D:10     | Reached *** piety under Qazlal
 14418 | D:10     | Found a staircase to the Lair.
 14534 | D:10     | Noticed wewlad1's ghost (journeyman TrMo)
 14935 | D:10     | Reached skill level 10 in Long Blades
 15089 | D:10     | Killed wewlad1's ghost
 15572 | D:11     | Noticed a purple ugly thing
 15580 | D:11     | Killed a purple ugly thing
 15580 | D:11     | Reached **** piety under Qazlal
 15632 | D:11     | Found a labyrinth entrance.
 15642 | Lab      | Entered a labyrinth
 16591 | Lab      | Noticed a minotaur
 16608 | Lab      | Killed a minotaur
 16626 | Lab      | Got a twitching steel ring
 16637 | Lab      | Identified the ring "Ciffuy" {Ice rPois rN+ MR+} (You found it in a labyrinth)
 16641 | Lab      | Got a smoking brass ring
 16643 | Lab      | Identified the ring of Uciabb {*Slow rF+ Dex+3 Stlth+} (You found it in a labyrinth)
 16833 | D:11     | Noticed an eight-headed hydra
 16890 | D:11     | Killed a 15-headed hydra
 16890 | D:11     | Reached skill level 1 in Evocations
 17021 | Lair:1   | Entered Level 1 of the Lair of Beasts
 17021 | Lair:1   | Noticed a six-headed hydra
 17263 | D:10     | Reached XP level 12. HP: 77/94 MP: 12/12
 17283 | D:10     | Reached skill level 10 in Shields
 17696 | Lair:1   | Noticed a five-headed hydra
 17707 | Lair:1   | Killed a six-headed hydra
 18076 | Lair:2   | Noticed a four-headed hydra
 18096 | Lair:2   | Killed a 16-headed hydra
 18549 | Lair:3   | Noticed Fannar
 18690 | Lair:3   | Killed Fannar
 18735 | Lair:3   | Reached ***** piety under Qazlal
 18755 | Lair:3   | Noticed a six-headed hydra
 18768 | Lair:3   | Killed a 12-headed hydra
 18768 | Lair:3   | Reached skill level 11 in Shields
 19011 | Lair:3   | Found a staircase to the Swamp.
 19553 | Lair:4   | Noticed Zaque's ghost (journeyman MiBe)
 19563 | Lair:4   | Gained mutation: You sometimes gain power by taking damage. [demonic ancestry]
 19563 | Lair:4   | Reached XP level 13. HP: 85/102 MP: 14/14
 19710 | Lair:4   | Found a hole to the Spider Nest.
 19828 | Lair:4   | Found a dark tunnel.
 19885 | Volcano  | Entered a volcano
 19968 | Volcano  | Noticed boben's ghost (journeyman GrMo)
 19990 | Volcano  | Killed boben's ghost
 20021 | Volcano  | Found a radiant altar of Vehumet.
 21482 | Lair:5   | Noticed Rupert
 21697 | D:12     | Noticed Psyche
 21714 | D:12     | Killed Psyche
 21922 | D:11     | Reached skill level 10 in Fighting
 22075 | D:12     | Noticed Mohan's ghost (journeyman VSFi)
 22104 | D:12     | Killed Mohan's ghost
 22122 | D:12     | Noticed Nergalle
 22132 | D:12     | Killed Nergalle
 22164 | D:12     | Reached skill level 12 in Shields
 23835 | D:13     | Found a gate to the Vaults.
 23947 | D:13     | Reached XP level 14. HP: 65/111 MP: 15/15
 24123 | D:14     | Reached ****** piety under Qazlal
 24140 | D:14     | Noticed DasRunzen's ghost (journeyman DsSu)
 24397 | D:14     | Found a sparkling altar of Nemelex Xobeh.
 24427 | D:14     | Reached skill level 13 in Shields
 24621 | D:14     | Killed DasRunzen's ghost
 25234 | D:15     | Entered Level 15 of the Dungeon
 25883 | D:15     | Found a glowing golden altar of the Shining One.
 26448 | D:15     | Reached skill level 10 in Armour
 26819 | D:15     | Found a staircase to the Depths.
 27051 | D:10     | Identified 2 scrolls of acquirement
 27075 | D:10     | Got a smoking hat
 27082 | D:10     | Identified the +2 hat "Peodytem" {rPois Str+4} (You acquired it on level 10 of the Dungeon)
 27474 | Lair:4   | Killed Zaque's ghost
 27474 | Lair:4   | Gained mutation: You regenerate health from kills. [demonic ancestry]
 27474 | Lair:4   | Reached XP level 15. HP: 47/119 MP: 16/16
 27923 | Lair:5   | Paralysed by Rupert for 2 turns
 27950 | Lair:4   | Killed Rupert
 27954 | Lair:4   | Reached skill level 14 in Shields
 28696 | Lair:6   | Entered Level 6 of the Lair of Beasts
 29293 | Lair:6   | Found a viscous altar of Jiyva.
 29293 | Lair:6   | Found a staircase to the Slime Pits.
 30783 | Swamp:1  | Entered Level 1 of the Swamp
 30792 | Swamp:1  | Reached skill level 15 in Shields
 30832 | Swamp:1  | Noticed a thorn hunter
 30844 | Swamp:1  | Killed a thorn hunter
 30879 | Swamp:1  | Gained mutation: You have claws for hands. [demonic ancestry]
 30879 | Swamp:1  | Reached XP level 16. HP: 74/129 MP: 17/17
 31834 | Swamp:2  | Noticed Nikola
 31861 | Swamp:2  | Killed Nikola
 31932 | Swamp:2  | Noticed Roxanne
 32043 | Swamp:2  | Killed Roxanne
 32114 | Swamp:2  | Paralysed by a hornet for 3 turns
 32775 | Swamp:3  | Noticed Bai Suzhen
 32860 | Swamp:2  | Killed Bai Suzhen
 32860 | Swamp:2  | Reached skill level 1 in Stealth
 33065 | Swamp:2  | Paralysed by a hornet for 2 turns
 33076 | Swamp:2  | Reached skill level 16 in Shields
 33103 | Swamp:3  | Noticed a thorn hunter
 33123 | Swamp:3  | Killed a thorn hunter
 33826 | Swamp:4  | Entered Level 4 of the Swamp
 33910 | Swamp:4  | Reached skill level 15 in Long Blades
 33981 | Swamp:4  | Reached XP level 17. HP: 137/137 MP: 18/18
 34662 | Swamp:4  | Reached skill level 17 in Shields
 34994 | Swamp:4  | Got a decaying rune of Zot
 35467 | Spider:1 | Entered Level 1 of the Spider Nest
 38496 | Spider:4 | Entered Level 4 of the Spider Nest
 38579 | Spider:4 | Reached XP level 18. HP: 87/146 MP: 19/19
 38627 | Spider:4 | HP: 6/146 [wolf spider (11)]
 38958 | Spider:4 | Reached skill level 18 in Shields
 39030 | Spider:4 | Noticed Jorgrun
 39057 | Spider:4 | Killed Jorgrun
 39807 | Spider:4 | Got a gossamer rune of Zot
 40366 | Orc:1    | Entered Level 1 of the Orcish Mines
 40366 | Orc:1    | Noticed Maurice
 40371 | Orc:1    | Noticed Urug
 40377 | Orc:1    | Killed Maurice
 40402 | Orc:1    | Killed Urug
 40548 | Orc:1    | Found Asiapsa's Antique Weapon Boutique.
 40905 | Orc:2    | Entered Level 2 of the Orcish Mines
 40955 | Orc:2    | Reached skill level 5 in Dodging
 41176 | Orc:2    | Found a staircase to the Elven Halls.
 41491 | Orc:2    | Reached skill level 19 in Shields
 41516 | Orc:2    | Found Heitoec's Assorted Antiques.
 41516 | Orc:2    | Found Ciusaips's Jewellery Boutique.
 41520 | Orc:2    | Found Atumn's Armour Shoppe.
 41520 | Orc:2    | Found Zatteg's General Store.
 42160 | Elf:1    | Entered Level 1 of the Elven Halls
 42172 | Elf:1    | HP: 4/147 [deep elf mage/bolt of lightning (5)]
 42172 | Elf:1    | Killed from afar by a deep elf mage

Skill      XL: |  1  2  3  4  5  6  7  8  9 10 11 12 13 14 15 16 17 18 |
---------------+-------------------------------------------------------+-----
Long Blades    | 2 3 4 5 7 8 9 10 12 13 14 15 | 15.7
Armour         | 3 4 5 6 7 8 9 10 11 12 13 | 13.0
Shields        | 3 4 5 7 8 9 11 12 13 15 16 17 19 | 19.0
Fighting       | 4 5 6 7 8 9 10 11 12 13 14 | 14.6
Dodging        | 1 2 3 4 5 |  5.0
Evocations     | 1 2 |  2.0
Stealth        | 1 |  1.2
Invocations    | |  0.6

Action                   |  1- 3 |  4- 6 |  7- 9 | 10-12 | 13-15 | 16-18 || total
-------------------------+-------+-------+-------+-------+-------+-------++-------
Melee: Long sword        |    86 |   304 |   984 |   569 |       |       ||  1943
       Scimitar          |       |       |       |   698 |  1166 |   219 ||  2083
       Demon blade       |       |       |       |       |   646 |  1870 ||  2516
Invok: Upheaval          |       |       |       |     1 |       |       ||     1
       Elemental Force   |       |       |       |     1 |       |       ||     1
 Abil: Evoke Berserk Rag |       |       |       |       |       |     1 ||     1
Evoke: Wand              |       |       |       |    26 |     2 |       ||    28
  Use: Potion            |     1 |     1 |     8 |     1 |     4 |     5 ||    20
       Scroll            |       |       |     6 |    15 |    15 |    13 ||    49
 Stab: Confused          |       |       |       |     1 |       |       ||     1
  Eat: Chunk             |       |     7 |    15 |    22 |    32 |    29 ||   105
       Fruit             |       |       |     1 |       |     2 |     2 ||     5
       Meat ration       |       |       |     2 |     2 |     1 |     2 ||     7
Armor: Scale mail        |    48 |   141 |       |       |       |       ||   189
       Chain mail        |       |    48 |   382 |       |       |       ||   430
       Skin              |       |       |    16 |     2 |       |       ||    18
       Plate armour      |       |       |   248 |   618 |   606 |   868 ||  2340
Dodge: Dodged            |    20 |   110 |   224 |   188 |   317 |   575 ||  1434
       Deflected         |       |       |       |     1 |    17 |    15 ||    33
Block: Shield            |    37 |   159 |   642 |  1033 |  1734 |  1604 ||  5209
       Large shield      |       |       |       |       |       |  1048 ||  1048
       Rpst.: Long sword |     4 |    36 |    74 |    27 |       |       ||   141
       Scimitar          |       |       |       |    28 |    35 |    18 ||    81
       Demon blade       |       |       |       |       |    32 |    66 ||    98
